 Dungeon Crawl Stone Soup version 0.21-a0-128-gf2b353c (webtiles) character file.

209 Jamella the Insei (level 5, -9/41 HPs)
             Began as a Mummy Monk on July 16, 2017.
             Mangled by Crazy Yiuf
             ... wielding a +4 quarterstaff of chaos
              (16 damage)
             ... while paralysed by Crazy Yiuf
             ... on level 2 of the Dungeon.
             The game lasted 00:09:11 (5305 turns).

Jamella the Insei (Mummy Monk)                      Turns: 5305, Time: 00:09:12

Health: -9/41      AC:  0    Str: 14    XL:     5   Next: 55%
Magic:  5/5        EV:  2    Int: 10    God:
Gold:   237        SH:  0    Dex: 15    Spells: 4/4 levels left

rFire    . . .     SeeInvis .     - Unarmed
rCold    + . .     Gourm    .   (no shield)
rNeg     + + +     Faith    .   (no armour)
rPois    ∞         Spirit   .   (no helmet)
rElec    .         Reflect  .   (no cloak)
rCorr    .         Harm     .   (no gloves)
MR       .....                  (no boots)
Stlth    ++........             (no amulet)
HPRegen  0.13/turn              (no ring)
MPRegen  0.09/turn              l - ring of protection from fire

@: paralysed, slowed
A: no food or potions, fire vulnerability, cold resistance 1, negative energy
resistance 3, torment resistance, unbreathing
a: no special abilities


You were on level 2 of the Dungeon.
You were not hungry.

You visited 1 branch of the dungeon, and saw 5 of its levels.

You collected 237 gold pieces.


Innate Abilities, Weirdness & Mutations

You do not eat or drink.
Your flesh is vulnerable to fire.
You are immune to poison.
Your flesh is cold resistant. (rC+)
You are immune to negative energy. (rN+++)
You are immune to unholy pain and torment.
You can survive without breathing.


   Skills:
 + Level 3.6 Fighting
 - Level 2.4 Dodging
 - Level 1.5 Stealth
 - Level 5.0 Unarmed Combat


You had 4 spell levels left.
You didn't know any spells.

Inventory:

Armour
 f - +0 acid dragon scales
 m - a +0 robe
Jewellery
 b - an uncursed ring of ice
 l - a ring of protection from fire (right hand)
Scrolls
 a - a scroll of fog
 c - 2 scrolls of amnesia {unknown}
 e - 2 scrolls of remove curse
 g - 2 scrolls of random uselessness
 h - a scroll of enchant armour
 i - a scroll of noise {unknown}
 j - a scroll of enchant weapon {unknown}
 k - a scroll of magic mapping {unknown}
Comestibles
 d - 3 fruits (quivered)

Dungeon Overview and Level Annotations

Branches:
Dungeon (5/15)
 Temple: D:4-7

Altars:
Hepliaklqana
Qazlal

Annotations:
D:2 Crazy Yiuf
D:3 Natasha
D:4 exclusion: ogre

..............▒.▒.▒..▒▒▒▒..▒▒....
▒▒.▒▒▒▒▒▒▒▒▒▒.▒▒▒.▒........▒▒....
▒.▒ ▒.▒..>.........▒▒.... ▒.▒
▒.▒.▒................ ▒.▒
▒.▒.▒.▒.▒..▒▒..▒..... ▒.▒
▒▒▒▒▒.▒.▒.▒.▒..▒▒........ ▒.▒
▒.........▒.▒............
▒.▒▒▒▒▒▒.▒▒▒.▒▒▒▒▒.▒............
▒.▒......▒ ▒...M<▒.▒............
▒.▒......▒▒▒▒▒▒▒g▒.▒..▒▒▒▒.▒.▒▒.
▒..............▒......▒ ▒...▒▒.
▒▒▒......▒▒▒▒▒.▒.▒▒▒▒.▒ ▒▒.....
▒..........▒.▒......▒▒▒▒▒.....
▒......▒▒▒!▒.▒......†...▒.....
▒......▒ ▒.▒.▒.▒▒▒▒..▒▒▒▒▒....
▒.....▒▒▒▒.▒..................
▒.....)....▒..................


You could see Crazy Yiuf.


Message History

Orders for allies: a - Attack new target! r - Retreat!!! s - Stop attacking! g - Guard the area! f - Follow me!
Anything else - Cancel!
You shout for attention!!!
Crazy Yiuf whimpers, "Trifle cloud head!!!"
Crazy Yiuf cries, "Buddy turtle return to song!!!"
There is a stone staircase leading down here!
You swing at nothing!
Crazy Yiuf grits, "Race sing-song wrapper!!!"
You swing at nothing!
Crazy Yiuf says, "Fluff aubergine illywillydillykilly!!!"
You swing at nothing!
Crazy Yiuf says, "Earwax agre action!!!"
Crazy Yiuf cries, "Snower unthinkable illywillydillykilly!!!"
Crazy Yiuf barely misses you!
You climb downwards!
There is a stone staircase leading up here!
Unknown command!
Crazy Yiuf grits, "Tonal cloud snail!!!"
Crazy Yiuf hits you with a quarterstaff of chaos!
You suddenly lose the ability to move!!!
Crazy Yiuf hits you with a quarterstaff of chaos!!!
You are electrocuted!!! * * * don't die
* * * Crazy Yiuf hits you with a quarterstaff of chaos! * * * don't die
* * * You feel yourself slow down!
Crazy Yiuf hits you with a quarterstaff of chaos!!! rip

Action                   |  1- 3 |  4- 6 || total
-------------------------+-------+-------++-------
Melee: Unarmed           |   134 |   178 ||   312
       Punch             |     4 |     6 ||    10
  Use: Scroll            |       |     4 ||     4
 Stab: Sleeping          |     3 |     4 ||     7
Dodge: Dodged            |    75 |   113 ||   188

Vault maps used:
D:1:      ldierk_water_garden
D:2:      chequers_ecumenical_altar_island, grunt_qazlal_sundering
D:3:      marbit_many_paths, uniq_crazy_yiuf_cottage, uniq_jessica, uniq_natasha
D:4:      dk_noncrumbling_3, tso_altar, uniq_robin
D:5:      temple_doors_cd, lightli_sewer_entry_pipes, first_bread,
          nicolae_zen_rock_garden

Notes
Turn   | Place    | Note
-------+----------+-------------------------------------------
     0 | D:1      | Jamella the Mummy Monk began the quest for the Orb.
     0 | D:1      | Reached XP level 1. HP: 18/18 MP: 1/1
   308 | D:1      | Reached skill level 3 in Unarmed Combat
   308 | D:1      | Reached XP level 2. HP: 12/24 MP: 2/2
   682 | D:1      | Reached XP level 3. HP: 25/29 MP: 3/3
  2029 | D:1      | Reached skill level 4 in Unarmed Combat
  2142 | D:2      | Reached XP level 4. HP: 35/35 MP: 4/4
  2373 | D:2      | Found a faded altar of an unknown god.
  2586 | D:2      | Found a stormy altar of Qazlal.
  3283 | D:3      | You fall through a shaft for 2 floors!
  3283 | D:5      | Entered Level 5 of the Dungeon
  3316 | D:4      | Noticed an ogre
  3367 | D:4      | HP: 1/35 [adder (4)]
  4032 | D:5      | Reached XP level 5. HP: 19/41 MP: 5/5
  4299 | D:3      | Found a runed door.
  4521 | D:3      | Reached skill level 5 in Unarmed Combat
  4821 | D:3      | Noticed Natasha
  4903 | D:3      | Found a hazy altar of Hepliaklqana.
  5005 | D:3      | Noticed Jessica
  5011 | D:3      | Killed Jessica
  5074 | D:3      | Noticed Crazy Yiuf
  5302 | D:2      | Paralysed by Crazy Yiuf for 4 turns
  5305 | D:2      | Mangled by Crazy Yiuf

Vanquished Creatures
  A centaur zombie (D:5)
  Jessica (D:3)
  3 adders
  A gnoll (D:1)
  2 oozes (D:1)
  4 worms
  5 dart slugs (D:1)
  A leopard gecko (D:4)
  2 ball pythons
  11 bats
  4 giant cockroaches
  5 goblins
  13 hobgoblins
  4 jackals
  2 quokkas
  7 frilled lizards
  9 kobolds
  8 rats
  4 toadstools (D:1)
87 creatures vanquished.
